 Dungeon Crawl Stone Soup version 0.17-a0-2055-gb4e23be (webtiles) character file.

109 radek the Skirmisher (level 4, -4/36 HPs)
             Began as a Demonspawn Berserker on Oct 11, 2015.
             Was a Believer of Trog.
             Slain by an ogre
             ... wielding a +0 giant club
              (9 damage)
             ... on level 3 of the Dungeon.
             The game lasted 00:14:22 (1967 turns).

radek the Skirmisher (Demonspawn Berserker)         Turns: 1967, Time: 00:14:22

Health: -4/36      AC: 15    Str: 19    XL:     4   Next: 59%
Magic:  4/4        EV:  8    Int:  8    God:    Trog [**....]
Gold:   205        SH:  0    Dex: 12    Spells: 0 memorised, 3 levels left

rFire  . . .     SeeInvis .     f - +2 mace (protect)
rCold  . . .     Clarity  .     C - +1 chain mail
rNeg   . . .     SustAt   .     (no shield)
rPois  .         Gourm    .     (no helmet)
rElec  .         Spirit   .     (no cloak)
rCorr  .         Warding  .     (no gloves)
rMut   .         Stasis   .     (no boots)
MR     .....                    (no amulet)
Stlth  ..........               (no ring)
                                u - ring of flight

@: exhausted, slowed, very slow, not resistant to hostile enchantments,
extremely unstealthy
A: rugged brown scales 1
a: Burn Spellbooks, Berserk, Trog's Hand, Renounce Religion, Evoke Flight


You were on level 3 of the Dungeon.
You worshipped Trog.
Trog was pleased with you.
You were hungry.

You visited 1 branch of the dungeon, and saw 3 of its levels.

You collected 205 gold pieces.

Inventory:

Hand Weapons
 a - a +0 hand axe
 f - a +2 mace of protection (weapon)
 s - a +0 mace
 B - a cursed -1 falchion
 D - a +1 short sword of speed
Armour
 t - a +0 chain mail
 x - a +0 plate armour
 C - a +1 chain mail (worn)
Jewellery
 u - a ring of flight (left hand)
 y - a +4 ring of intelligence {unknown}
Wands
 r - a wand of cold (9)
Scrolls
 i - a scroll of blinking {unknown}
 j - a scroll of recharging {unknown}
 k - 4 scrolls of identify
 l - a scroll of fear {unknown}
 o - 2 scrolls of enchant armour
 z - a scroll of magic mapping {unknown}
Potions
 d - a potion of degeneration {unknown}
 e - a potion of might {unknown}
 g - 2 potions of berserk rage {unknown}
 h - 2 potions of flight {unknown}
 n - 2 potions of mutation {unknown}
 p - 2 potions of agility
 q - a potion of heal wounds {unknown}
 w - a potion of curing {unknown}
Comestibles
 b - a meat ration
 c - 4 bread rations
 m - 8 chunks of flesh
 v - 3 fruits


   Skills:
 + Level 3.5 Fighting
 + Level 3.1(3.3) Axes
 + Level 1.6(2.6) Maces & Flails
 + Level 2.4 Armour
 + Level 2.5 Dodging
 + Level 0.8 Stealth


You had 3 spell levels left.
You didn't know any spells.

Dungeon Overview and Level Annotations

Branches:
Dungeon (3/15)

Altars:
Dithmenos
Okawaru


Innate Abilities, Weirdness & Mutations

You are partially covered in rugged brown scales (AC +1, +3% HP).


Message History

Found an iron altar of Okawaru.
An ogre comes into view. It is wielding a giant club.
The ogre shouts!
Found a scroll labeled NEFA EPNUREI and 26 stones.
The ogre closely misses you.
You hit the ogre but do no damage. The ogre hits you with a giant club!!
Ouch! That really hurt!
Use which ability?
A red film seems to cover your vision as you go berserk!
You feel yourself moving faster!
You feel mighty!
You feel somewhat more hungry. The ogre hits you with a giant club!
* * * LOW HITPOINT WARNING * * *
You feel a strong urge to attack something.
You feel your anger subside.
You are no longer berserk.
You are exhausted.
You feel yourself slow down.
You are feeling hungry.
The ogre hits you with a giant club!
You die...

#.##.....###.......#.# #.........
..##.....# ##.#.##...###.........
###..##### ##.#.###....#.........
##..########..#.#####.....#######
..........................#
.....#######.###.....##...#
.#...# #...##...#####...# ##.#.#
###.##...O### #...# ##.###
#........@..# ....#
...#####...........##.##..# ##
##....##............>. ##.# ###.
#....##.##........#### ##...
..$..##.##........# #....
.._......##.......<# ##...#
....##.#.##........# #...## ...##
.#.##........# #...# ...#
#.##........# #...#


You could see an ogre.

Vanquished Creatures
  Terence (D:2)
  2 adders
  A shadow imp (D:3)
  2 worms (D:2)
  3 giant geckos
  6 goblins
  7 hobgoblins
  2 jackals (D:2)
  7 kobolds
  A ball python (D:3)
  4 bats (D:2)
  3 giant cockroaches
  5 giant newts (D:1)
  9 rats
53 creatures vanquished.

Notes
Turn   | Place    | Note
--------------------------------------------------------------
     0 | D:1      | radek the Demonspawn Berserker began the quest for the Orb.
     0 | D:1      | Reached XP level 1. HP: 18/18 MP: 1/1
   205 | D:1      | Gained mutation: You are partially covered in rugged brown scales (AC +1, +3% HP). [demonic ancestry]
   205 | D:1      | Reached XP level 2. HP: 13/24 MP: 2/2
   613 | D:1      | Acquired Trog's second power
   992 | D:2      | Reached XP level 3. HP: 29/29 MP: 3/3
  1324 | D:2      | Found a shadowy altar of Dithmenos.
  1606 | D:2      | Reached skill level 1 in Maces & Flails
  1637 | D:2      | Noticed Terence
  1642 | D:2      | Killed Terence
  1642 | D:2      | Reached XP level 4. HP: 36/36 MP: 4/4
  1940 | D:3      | Found an iron altar of Okawaru.
  1941 | D:3      | Noticed an ogre
  1967 | D:3      | Slain by an ogre

Vault maps used:
D:1:      wheals_arrival_shading
D:2:      old_standard_altar, minmay_misc_feat_plants, uniq_terence
D:3:      nicolae_overflow_crystal_walls, grunt_temple_overflow_diamond,
          serial_curves, eino_curves_03, eino_curves_04, first_bread,
          uniq_crazy_yiuf_cottage

Action                   |  1- 3 |  4- 6 || total
-------------------------+-------+-------++-------
Melee: Mace              |    97 |    28 ||   125
       Hand axe          |     3 |       ||     3
Invok: Berserk           |     2 |     1 ||     3
  Use: Scroll            |       |     4 ||     4
 Stab: Sleeping          |     1 |       ||     1
  Eat: Chunk             |     2 |     2 ||     4
       Beef jerky        |     1 |       ||     1
